Map: Затон РВ

Players

Skabbi - Winner!

  • Race: Zerg Zerg
  • League: Diamond
  • Spawn Location: 11:00

Kerrigan

  • Race: Terran Terran
  • League: Diamond
  • Spawn Location: 5:00

VOD

Have the link to the VOD?

Description

Time

  • Played on: April 20, 2018, 4:11 a.m.
  • Length: 10:26
Show
View Real Time Build Order
Export as new Build Order

Skabbi Zerg - Winner!

Build Orders: Hatch First 

Get SALT Encoding   

  12  0:03  Drone  
  13  0:12  Overlord  
  13  0:16  Drone  
  14  0:30  Drone  
  14  0:31  Drone  
  17  0:35  Drone  
  17  0:53  Hatchery  
  17  0:55  Drone  
  17  0:59  Drone  
  18  1:09  Extractor  
  17  1:14  Spawning Pool  
  17  1:16  Drone  
  17  1:20  Drone  
  18  1:29  Drone  
  19  1:39  Overlord  
  19  1:50  Drone  
  20  2:01  Zergling x2  
  20  2:02  Queen  
  20  2:05  Zergling x2  
  20  2:06  Queen  
  26  2:09  Metabolic Boost  
  26  2:12  Drone  
  27  2:16  Drone  
  28  2:23  Drone  
  29  2:30  Drone  
  29  2:33  Drone  
  31  2:38  Overlord  
  31  2:41  Queen  
  33  2:45  Drone  
  33  2:49  Pneumatized Carapace  
  34  2:54  Drone  
  34  2:56  Drone  
  36  2:59  Overlord  
  36  3:13  Drone x2  
  38  3:22  Hatchery  
  38  3:27  Drone x6  
  43  3:34  Overlord  
  43  3:35  Overlord  
  43  3:39  Extractor  
  43  3:41  Extractor  
  41  3:43  Lair  
  41  3:53  Roach Warren  
  37  4:22  Drone x3  
  37  4:23  Drone x2  
  40  4:24  Drone  
  40  4:26  Drone x3  
  44  4:33  Queen  
  46  4:40  Evolution Chamber  
  45  4:50  Drone x2  
  45  4:51  Drone x2  
  45  4:52  Glial Reconstitution  
  49  5:06  Queen  
  49  5:07  Overlord x4  
  51  5:12  Queen  
  53  5:15  Zerg Ground Armor Level 1  
  53  5:25  Drone  
  53  5:26  Drone  
  53  5:27  Roach x2  
  59  5:29  Roach  
  59  5:33  Roach x2  
  59  5:34  Roach  
  59  5:35  Roach  
  69  5:41  Roach  
  71  5:49  Spine Crawler  
  70  5:50  Roach, Spine Crawler  
  70  5:51  Roach x2  
  75  5:58  Zergling x8  
  79  6:15  Roach x6  
  79  6:16  Roach  
  93  6:26  Overlord x2  
  93  6:27  Overlord  
  93  6:44  Queen  
  95  6:50  Drone x8  
  103  7:07  Roach x5  
  113  7:20  Overlord x3  
  108  7:26  Ravager x4  
  108  7:27  Roach  
  114  7:38  Overlord x4  
  114  7:46  Roach x3  
  116  8:08  Zergling x14  
  115  8:29  Drone  
  115  8:30  Drone x4  
  102  8:44  Roach x4  
  94  8:51  Roach x2  
  96  8:57  Zergling x8  
  96  9:02  Roach x2  
  101  9:05  Queen x3  
  103  9:10  Hydralisk Den, Hatchery  
  103  9:11  Extractor  
  103  9:13  Infestation Pit  
  103  9:16  Zergling x6  
  92  9:22  Roach x3  
  98  9:24  Ravager x2  
  98  9:25  Ravager  
  98  9:26  Ravager  
  98  9:28  Roach x2  
  98  9:29  Roach  
  106  9:39  Spore Crawler  
  106  9:41  Drone  
  106  9:42  Drone x4  
  110  9:45  Extractor  
  110  9:48  Drone, Spore Crawler  
  110  9:49  Drone x2  
  111  9:52  Overseer  
  102  10:02  Drone x4  
  102  10:03  Drone x4  
  102  10:05  Hatchery  
  105  10:08  Extractor  
Show
View Real Time Build Order
Export as new Build Order

Kerrigan Terran 

Build Orders: Hellion Opening, Mech 

Get SALT Encoding   

  12  0:01  SCV  
  13  0:13  SCV  
  14  0:18  Supply Depot  
  14  0:25  SCV  
  15  0:39  SCV  
  15  0:40  Barracks  
  16  0:44  Refinery  
  16  0:51  SCV  
  17  1:03  SCV  
  18  1:16  SCV  
  19  1:28  Orbital Command  
  20  1:33  Supply Depot  
  20  1:34  Marine  
  20  1:46  Factory  
  20  1:52  Marine  
  21  1:56  SCV  
  22  2:07  Command Center  
  22  2:09  SCV  
  22  2:12  Barracks Reactor  
  23  2:22  SCV, Supply Depot  
  24  2:35  SCV  
  25  2:42  Factory  
  25  2:45  Refinery  
  25  2:53  SCV  
  25  2:56  Hellion x2  
  30  2:59  Barracks Reactor  
  30  3:12  SCV  
  31  3:17  Hellion  
  31  3:18  Hellion  
  35  3:23  Orbital Command  
  35  3:27  Supply Depot  
  35  3:35  SCV  
  36  3:44  Orbital Command  
  36  3:53  Command Center  
  36  3:54  Hellion x2  
  40  4:02  Hellion  
  40  4:22  Hellion  
  40  4:23  Hellion  
  42  4:25  Hellion  
  42  4:28  Hellion  
  42  4:31  SCV x2  
  48  4:43  SCV x2  
  50  4:49  Cyclone  
  50  4:50  Cyclone x2  
  55  4:58  Armory  
  55  5:00  SCV x2  
  55  5:04  Refinery  
  55  5:05  Refinery  
  57  5:12  Orbital Command  
  57  5:14  SCV x2  
  59  5:23  Supply Depot  
  57  5:44  SCV  
  57  5:45  SCV x2  
  60  5:50  Barracks Tech Lab, Terran Vehicle Weapons Level 1  
  60  5:56  Factory  
  60  5:59  Factory  
  60  6:00  Factory  
  60  6:09  Starport  
  60  6:28  Supply Depot  
  60  6:33  Command Center  
  60  6:35  SCV  
  60  6:36  SCV x2  
  63  6:46  Refinery  
  63  6:47  SCV  
  63  6:48  SCV x2, Barracks Reactor  
  63  6:49  Refinery  
  66  6:55  Factory Tech Lab  
  66  6:56  Starport Reactor  
  66  6:58  Factory Tech Lab  
  66  7:00  SCV x2  
  66  7:01  SCV  
  69  7:10  Supply Depot, Armory  
  69  7:11  Supply Depot  
  69  7:12  SCV  
  66  7:42  SCV x3  
  69  7:52  Siege Tank x2  
  69  7:53  Siege Tank  
  69  7:54  SCV  
  75  8:00  Liberator  
  75  8:01  Liberator  
  46  8:13  SCV  
  46  8:19  Marine x2  
  55  8:24  Siege Tank  
  55  8:25  SCV, Siege Tank x2  
  67  8:31  SCV  
  68  8:37  SCV  
  67  8:43  SCV  
  59  8:49  SCV  
  59  8:55  SCV  
  49  8:56  Siege Tank  
  49  8:57  Siege Tank x2  
  49  9:01  SCV  
  41  9:10  Liberator  
  41  9:14  Cyclone  
  41  9:15  Cyclone  
  46  9:22  Engineering Bay  
  48  9:24  Hellbat x2  
  48  9:28  Siege Tank  
Tags
 
Add a new tag
Caveats
  • Supply blocks, unpowered buildings, or Contaminate may cause inaccurate times.
  • Supply counts are checked every 10 seconds.